[Event "Titled Tuesday Blitz May 2 Early 2023"]
[White "Devaev, Alexander"]
[Black "Pandey Srishti"]
[WhiteFideId "4169395"]
[BlackFideId "35093290"]
[WhiteElo "2204"]
[BlackElo "2083"]
[Result "0-1"]
[Round "04"]
[TimeControl "180+2"]
[Date "2023.05.02"]
[WhiteClock "0:00:02"]
[BlackClock "0:00:16"]

1. Nf3 d5 2. c4 dxc4 3. e3 Nf6 4. Bxc4 a6 5. O-O c5 6. a3 e6 7. Qc2 Be7 8. Be2 O-O 9. d3 Nbd7 10. Nbd2 b5 11. Rb1 Bb7 12. b3 Rc8 13. Bb2 Qb6 14. Rfe1 Rfd8 15. Rbc1 h6 16. Bf1 Nd5 17. Ne4 f5 18. Ng3 Bf6 19. Nh5 Bxb2 20. Qxb2 N7f6 21. Ng3 f4 22. Ne4 fxe3 23. Nxf6+ Nxf6 24. Rxe3 Ng4 25. Ree1 Bxf3 26. gxf3 Nf6 27. Bh3 Rd6 28. Re3 Nd5 29. Re4 Rf8 30. Qd2 Rf6 31. Rce1 Qc6 32. Kh1 Qd7 33. Rg1 Qf7 34. Rg3 Rxf3 35. Qe2 Rf6 36. Qe1 Nf4 37. Bf1 Kh8 38. b4 cxb4 39. axb4 Nd5 40. Kg1 Rc6 41. Bh3 Nf4 42. Bf1 Rc2 43. Qd1 Qc7 44. Rf3 Rc1 45. Qd2 Rg6+ 46. Rg3 Nh3+ 47. Kg2 Ng5 48. Ree3 Rf6 49. Kg1 Qc6 0-1


[Site "https://www.chess.com"]

[Event "Titled Tuesday Blitz May 2 Early 2023"]
[White "Lorenzo De La Riva, Lazaro"]
[Black "Buchenau, Frank"]
[WhiteFideId "2268809"]
[BlackFideId "4604350"]
[WhiteElo "2294"]
[BlackElo "2157"]
[Result "0-1"]
[Round "04"]
[TimeControl "180+2"]
[Date "2023.05.02"]
[WhiteClock "0:01:39"]
[BlackClock "0:01:09"]

1. c4 e5 2. Nf3 Nc6 3. Nc3 Nf6 4. e4 Bb4 5. Bd3 d6 6. h3 O-O 7. O-O Nd7 8. a3 Nc5 9. Bc2 Bxc3 10. bxc3 f5 11. exf5 Bxf5 12. d4 Bxc2 13. Qxc2 Rxf3 14. gxf3 exd4 15. cxd4 Nxd4 16. Qd1 Qf6 17. Bb2 Nxf3+ 18. Kg2 Nh4+ 19. Kg3 Ne4+ 20. Kh2 Qf4+ 21. Kh1 Nf3 22. Kg2 Rf8 23. Rh1 Nh4+ 24. Kg1 Qxf2# 0-1


[Site "https://www.chess.com"]

[Event "Titled Tuesday Blitz May 2 Early 2023"]
[White "Khamdamova, Afruza"]
[Black "Tsyhanchuk, Stanislav"]
[WhiteFideId "14210444"]
[BlackFideId "13505130"]
[WhiteElo "2210"]
[BlackElo "2173"]
[Result "1/2-1/2"]
[Round "04"]
[TimeControl "180+2"]
[Date "2023.05.02"]
[WhiteClock "0:00:03"]
[BlackClock "0:00:04"]

1. e4 c5 2. Nf3 d6 3. d4 cxd4 4. Nxd4 Nf6 5. Nc3 a6 6. Bg5 e6 7. Qe2 Be7 8. h4 Nbd7 9. O-O-O Qc7 10. g4 b5 11. a3 Bb7 12. Bg2 Ne5 13. f3 Nc4 14. Kb1 Nxa3+ 15. bxa3 Qxc3 16. Bc1 b4 17. Bb2 Qc5 18. Nb3 Qb6 19. Bd4 Qc7 20. axb4 Bc6 21. f4 Bb5 22. Qf3 O-O-O 23. g5 Nd7 24. Bxg7 Nb6 25. Qc3 Rhg8 26. Qxc7+ Kxc7 27. Bd4 Nc4 28. Na5 h6 29. Bf1 d5 30. Nxc4 dxc4 31. c3 Kb7 32. Be2 hxg5 33. hxg5 a5 34. bxa5 Ba4 35. Rd2 Bb3 36. Rb2 Kc8 37. a6 Ba3 38. Rd2 Kb8 39. Rh7 Ka8 40. Rxf7 Rb8 41. Rb7 Rxb7 42. axb7+ Kxb7 43. Bf3 Be7 44. e5+ Kc7 45. Be4 Rb8 46. Rb2 Ba3 47. g6 Bxb2 48. Kxb2 Bd1+ 49. Kc1 Bh5 50. f5 exf5 51. Bxf5 Rg8 52. e6 Bxg6 53. Be5+ Kd8 54. Bh3 Bd3 55. Bf6+ Ke8 56. e7 Rg6 57. Bd4 Kxe7 58. Kd2 Rg3 59. Bc8 Kd8 60. Ba6 Rg2+ 61. Ke3 Re2+ 62. Kf4 Kc7 63. Bb5 Kd6 64. Ba4 Bc2 65. Bb5 Bd3 66. Ba4 Kd5 67. Bb5 Re4+ 68. Kf3 Rh4 69. Bd7 Rh7 70. Bb5 Rb7 71. Be8 Rb2 72. Bf7+ Kd6 73. Be8 Kc7 74. Bf7 Kb7 75. Bd5+ Ka6 76. Ke3 Re2+ 77. Kf4 Ka5 78. Kf3 Ka4 79. Bc5 Kb3 80. Bb4 Rc2 81. Ke3 Re2+ 82. Kd4 Re8 83. Kc5 Rc8+ 84. Kd4 Rd8 85. Kc5 Rc8+ 86. Kd4 Rb8 87. Kc5 Rd8 88. Be6 Bf1 89. Bd5 Be2 90. Be6 Re8 91. Bd5 Re5 92. Kd4 Rh5 93. Be6 Kc2 94. Bf7 Rh4+ 95. Kc5 Bd3 96. Be6 Kb3 97. Bf7 Rf4 98. Be6 Be2 99. Bd5 Rf5 100. Kd4 Bd3 101. Be6 Rh5 102. Bf7 Rh4+ 103. Kc5 Rh7 104. Be6 Rb7 105. Kd4 Be2 106. Bd5 Rc7 107. Be6 Bh5 1/2-1/2


[Site "https://www.chess.com"]

[Event "Titled Tuesday Blitz May 2 Early 2023"]
[White "Makhmudov, Shukhrat"]
[Black "Srinath, Rao S.V."]
[WhiteFideId "14200775"]
[BlackFideId "5028876"]
[WhiteElo "2135"]
[BlackElo "2196"]
[Result "0-1"]
[Round "04"]
[TimeControl "180+2"]
[Date "2023.05.02"]
[WhiteClock "0:00:08"]
[BlackClock "0:00:16"]

1. e4 e5 2. Nf3 Nc6 3. Bb5 Nf6 4. O-O Nxe4 5. Re1 Nd6 6. Nxe5 Nxe5 7. d4 Nxb5 8. Rxe5+ Be7 9. Bg5 f6 10. Bxf6 gxf6 11. Qh5+ Kf8 12. Qh6+ Kf7 13. Qh5+ Kg7 14. Re3 Rg8 15. Rh3 Nxd4 16. Qh6+ Kf7 17. Qxh7+ Rg7 18. Qh5+ Kf8 19. Qh8+ Rg8 20. Qh6+ Kf7 21. Qh7+ Rg7 22. Qh5+ Ke6 23. Re3+ Kd6 24. Nc3 c6 25. Rd1 Kc7 26. Rxd4 d5 27. Qh6 Qg8 28. Rxd5 Rxg2+ 29. Kf1 Rg1+ 30. Ke2 Bg4+ 31. Kd2 cxd5 32. Rxe7+ Kc8 33. Qxf6 Bd7 34. Qd6 Qg5+ 35. Kd3 Qf5+ 36. Kd4 Rg4+ 37. Kc5 Rc4# 0-1


[Site "https://www.chess.com"]

[Event "Titled Tuesday Blitz May 2 Early 2023"]
[White "Goswami, Vedant"]
[Black "Drori, Saar"]
[WhiteFideId "5003725"]
[BlackFideId "2812444"]
[WhiteElo "2011"]
[BlackElo "2322"]
[Result "1-0"]
[Round "04"]
[TimeControl "180+2"]
[Date "2023.05.02"]
[WhiteClock "0:00:53"]
[BlackClock "0:00:04"]

1. b3 c5 2. Bb2 Nc6 3. Nf3 d6 4. e4 e5 5. Bb5 g6 6. Bxc6+ bxc6 7. O-O Bg7 8. c3 Ne7 9. d4 exd4 10. cxd4 O-O 11. Qc2 cxd4 12. Bxd4 Bxd4 13. Nxd4 c5 14. Ne2 Nc6 15. Nbc3 Ba6 16. Rfd1 Rc8 17. Rd2 Bxe2 18. Nxe2 Re8 19. Rad1 Qe7 20. f3 f5 21. exf5 Qe3+ 22. Kf1 Nd4 23. Nxd4 cxd4 24. Qd3 gxf5 25. Qxd4 Qxd4 26. Rxd4 Rc2 27. R4d2 Rec8 28. Ke2 Kf7 29. Rxc2 Rxc2+ 30. Rd2 Rc6 31. Kd3 Ke6 32. Rc2 Ra6 33. a4 Rb6 34. Kc3 a5 35. Kb2 Kd5 36. Rc4 Ke5 37. Kc3 Rb7 38. b4 d5 39. Rh4 Rc7+ 40. Kd2 axb4 41. Rxb4 d4 42. a5 Rc5 43. Ra4 Kd5 44. a6 Rc8 45. a7 Ra8 46. Kd3 Ke5 47. Ra5+ Kf4 48. Kxd4 1-0


[Site "https://www.chess.com"]

[Event "Titled Tuesday Blitz May 2 Early 2023"]
[White "Kohler, Aran"]
[Black "Karwowski, Kacper"]
[WhiteFideId "1002856"]
[BlackFideId "1126032"]
[WhiteElo "2010"]
[BlackElo "2261"]
[Result "0-1"]
[Round "04"]
[TimeControl "180+2"]
[Date "2023.05.02"]
[WhiteClock "0:01:16"]
[BlackClock "0:01:55"]

1. e4 c5 2. Nc3 Nc6 3. f4 e6 4. Bc4 Nge7 5. a3 g6 6. d3 Bg7 7. Nf3 d5 8. Ba2 O-O 9. O-O a6 10. Qe1 b5 11. f5 c4 12. Qh4 exf5 13. exd5 Nxd5 14. Qxd8 Rxd8 15. Nxd5 Rxd5 16. dxc4 bxc4 17. Bxc4 Rc5 18. b3 Bxa1 19. Be3 Rxc4 20. bxc4 Bf6 21. Rb1 Be6 22. Rb6 Ne5 23. Nxe5 Bxe5 24. c5 f4 25. Bf2 Rd8 26. h3 Rd1+ 27. Kh2 f3+ 28. g3 h5 29. h4 Bh3 30. c6 Bg2 31. Bg1 Rxg1 32. Kxg1 Bd4+ 0-1


[Site "https://www.chess.com"]

[Event "Titled Tuesday Blitz May 2 Early 2023"]
[White "Wessendorf, Thomas, Dr."]
[Black "Salman, Pavel"]
[WhiteFideId "4604270"]
[BlackFideId "24153753"]
[WhiteElo "2280"]
[BlackElo "2187"]
[Result "1-0"]
[Round "04"]
[TimeControl "180+2"]
[Date "2023.05.02"]
[WhiteClock "0:00:03"]
[BlackClock "0:00:05"]

1. e4 c5 2. Nf3 e6 3. d3 Nc6 4. g3 g6 5. Bg2 Bg7 6. O-O Nge7 7. Re1 O-O 8. e5 d6 9. exd6 Qxd6 10. Nbd2 b6 11. Nc4 Qd8 12. Bf4 Ba6 13. c3 Nd5 14. Nfe5 Nxf4 15. Nxc6 Qxd3 16. Ne7+ Kh8 17. Bxa8 Nh3+ 18. Kg2 Qxc4 19. Bf3 Ng5 20. Be2 Bb7+ 21. f3 Qg4 22. Rf1 Bf6 23. Qd6 Qh3+ 24. Kg1 h5 25. Nxg6+ Kg7 26. Qxf8+ Kxg6 27. Qd6 Kg7 28. Rad1 h4 29. Qf4 hxg3 30. Qxg3 Kf8 31. Rd7 Bc6 32. Rxa7 Qh7 33. h4 Ne4 34. fxe4 Qxe4 35. Bf3 Qe3+ 36. Kg2 Bb5 37. Rf2 Be5 38. Qg5 Bc6 39. Qe7+ Kg7 40. Qxf7+ Kh6 41. Qh7# 1-0


[Site "https://www.chess.com"]

[Event "Titled Tuesday Blitz May 2 Early 2023"]
[White "Kubatko, Ivan"]
[Black "Goldin, Roman"]
[WhiteFideId "24111473"]
[BlackFideId "2803860"]
[WhiteElo "2285"]
[BlackElo "2312"]
[Result "1-0"]
[Round "04"]
[TimeControl "180+2"]
[Date "2023.05.02"]
[WhiteClock "0:00:01"]
[BlackClock "0:00:01"]

1. e4 Nc6 2. Nc3 e5 3. Nf3 g6 4. d4 exd4 5. Nxd4 Bg7 6. Be3 Nf6 7. Bc4 O-O 8. f3 Re8 9. Nde2 Na5 10. Bb3 Nxb3 11. axb3 d5 12. Bg5 h6 13. Bxf6 Bxf6 14. Qxd5 Qe7 15. O-O-O Be6 16. Qa5 c6 17. Kb1 b6 18. Qa3 Qc7 19. Qd6 Qb7 20. Qf4 Bg7 21. h4 a5 22. Nd4 Bd7 23. h5 g5 24. Qd2 b5 25. Nf5 Bxf5 26. exf5 a4 27. Ne4 axb3 28. cxb3 Be5 29. g3 Qa6 30. Kc2 Qa2 31. Rb1 Red8 32. Qe3 Ra6 33. f4 Bg7 34. f6 Bf8 35. fxg5 c5 36. g6 c4 37. g7 cxb3+ 38. Qxb3 Rc6+ 39. Nc3 Rxc3+ 40. Qxc3 Qa4+ 41. b3 1-0


[Site "https://www.chess.com"]

[Event "Titled Tuesday Blitz May 2 Early 2023"]
[White "Wimalasuriya, Kasun M."]
[Black "Shuvalov, Evgenij"]
[WhiteFideId "9906789"]
[BlackFideId "4187237"]
[WhiteElo "1781"]
[BlackElo "2080"]
[Result "0-1"]
[Round "04"]
[TimeControl "180+2"]
[Date "2023.05.02"]
[WhiteClock "0:00:11"]
[BlackClock "0:00:07"]

1. d4 Nf6 2. c4 g6 3. Nf3 Bg7 4. g3 c6 5. Bg2 d5 6. O-O O-O 7. Nbd2 a5 8. b3 Bf5 9. Bb2 Nbd7 10. Nh4 Be6 11. Re1 a4 12. Rc1 axb3 13. axb3 Ra2 14. Bc3 g5 15. Nhf3 h6 16. h4 g4 17. Ne5 Nxe5 18. dxe5 Nd7 19. cxd5 cxd5 20. f4 Qb6+ 21. Kh2 Rc8 22. e3 Qa6 23. Bd4 Rxc1 24. Qxc1 Qd3 25. Nb1 Qe4 26. Nd2 Qd3 27. Nb1 Qxb3 28. Qc8+ Nf8 29. Qc7 Bf5 30. Nc3 Rc2 31. Kh1 e6 32. Qa5 Ng6 33. Rb1 Qc4 34. Qb5 Rxc3 35. Qe8+ Bf8 36. Rxb7 Rc1+ 37. Kh2 Ne7 38. Rxe7 Bg6 39. Rd7 Rc2 40. Rd8 Rxg2+ 41. Kxg2 Qe2+ 42. Kg1 Qe1+ 43. Kg2 Be4+ 44. Kh2 Qf2# 0-1


[Site "https://www.chess.com"]

[Event "Titled Tuesday Blitz May 2 Early 2023"]
[White "Arpita, Mukherjee"]
[Black "Ciuffoletti, Paolo"]
[WhiteFideId "5056403"]
[BlackFideId "807630"]
[WhiteElo "2129"]
[BlackElo "2143"]
[Result "1-0"]
[Round "04"]
[TimeControl "180+2"]
[Date "2023.05.02"]
[WhiteClock "0:02:03"]
[BlackClock "0:00:28"]

1. e4 c5 2. Nf3 Nc6 3. Bb5 e6 4. O-O Nge7 5. d4 cxd4 6. Nxd4 Nxd4 7. Qxd4 a6 8. Be2 Nc6 9. Qe3 Be7 10. c4 O-O 11. Nc3 d6 12. b3 Bd7 13. Bb2 Rc8 14. Rad1 Qa5 15. Kh1 Na7 16. Qxa7 Rc5 17. a3 b5 18. b4 Rc7 19. Qe3 1-0


[Site "https://www.chess.com"]

[Event "Titled Tuesday Blitz May 2 Early 2023"]
[White "Osiecki, Stanislaw"]
[Black "Bychkov, Vladimir"]
[WhiteFideId "1102990"]
[BlackFideId "24151513"]
[WhiteElo "2088"]
[BlackElo "2224"]
[Result "0-1"]
[Round "04"]
[TimeControl "180+2"]
[Date "2023.05.02"]
[WhiteClock "0:00:01"]
[BlackClock "0:00:20"]

1. e4 c6 2. d4 d5 3. e5 Bf5 4. Bd3 Bxd3 5. Qxd3 e6 6. Ne2 Qa5+ 7. c3 Qa6 8. Qf3 c5 9. O-O Nc6 10. Be3 Qd3 11. Nd2 c4 12. Nf4 Qf5 13. g4 Qc2 14. Rac1 Qxb2 15. Rb1 Qxc3 16. Rxb7 Nge7 17. Rfb1 Rd8 18. Rc7 Nxd4 19. Bxd4 Qxd4 20. Nf1 Qxe5 21. Rbb7 f6 22. Nh5 Kf7 23. Rxa7 Re8 24. Qa3 g6 25. Nhg3 h5 26. gxh5 gxh5 27. Kh1 h4 28. f4 Qe1 29. f5 hxg3 30. fxe6+ Qxe6 31. Nxg3 Qe1+ 32. Kg2 Qd2+ 33. Kf3 Rxh2 34. Qe3 Qxe3+ 35. Kxe3 Kg6 36. Kf3 Nf5 37. Nxf5 Kxf5 0-1


[Site "https://www.chess.com"]

[Event "Titled Tuesday Blitz May 2 Early 2023"]
[White "Jaivardhan Raj"]
[Black "Eidelman, Gabriel"]
[WhiteFideId "25744437"]
[BlackFideId "30910544"]
[WhiteElo "1772"]
[BlackElo "2209"]
[Result "0-1"]
[Round "04"]
[TimeControl "180+2"]
[Date "2023.05.02"]
[WhiteClock "0:00:13"]
[BlackClock "0:00:11"]

1. e4 d6 2. d4 g6 3. Nc3 Bg7 4. Nf3 Bg4 5. Be3 Nc6 6. Bb5 a6 7. Ba4 b5 8. Nxb5 axb5 9. Bxb5 Bd7 10. O-O Nf6 11. Bd3 O-O 12. c3 e5 13. dxe5 Nxe5 14. Nxe5 dxe5 15. Qd2 Bc6 16. f3 Qe7 17. Qf2 Rfd8 18. Rad1 Rxd3 19. Rxd3 Bb5 20. Bc5 Qe8 21. Rfd1 Bxd3 22. Rxd3 Rxa2 23. Qd2 Ra8 24. g4 Bf8 25. Be3 Be7 26. g5 Nh5 27. h4 Rd8 28. Rxd8 Qxd8 29. Qxd8+ Bxd8 30. b4 Nf4 31. Kf2 Ne6 32. c4 Be7 33. c5 Kf8 34. Ke2 f6 35. gxf6 Bxf6 36. Bf2 Nd4+ 37. Kd3 Nxf3 38. Kc4 Ke7 39. b5 Bxh4 40. Be3 Bg5 41. Bf2 Kd7 42. Kd5 c6+ 43. bxc6+ Kc7 44. Bg3 Bf4 45. Bf2 h5 46. Ke6 h4 47. Kf6 h3 48. Kxg6 h2 0-1


[Site "https://www.chess.com"]

[Event "Titled Tuesday Blitz May 2 Early 2023"]
[White "Cramling Bellon, Anna"]
[Black "Lopez Gracia, Fernando"]
[WhiteFideId "32009232"]
[BlackFideId "2207184"]
[WhiteElo "1972"]
[BlackElo "2255"]
[Result "0-1"]
[Round "04"]
[TimeControl "180+2"]
[Date "2023.05.02"]
[WhiteClock "0:00:01"]
[BlackClock "0:01:32"]

1. d4 Nf6 2. c4 e6 3. Nc3 Bb4 4. Qc2 O-O 5. e4 d6 6. Nf3 Nc6 7. e5 Nd7 8. Bd3 dxe5 9. Bxh7+ Kh8 10. Be4 Nxd4 11. Nxd4 exd4 12. a3 Be7 13. Nb5 f5 14. Bf3 Ne5 15. Bf4 Bf6 16. O-O-O c5 17. Rhe1 a6 18. Bxe5 axb5 19. cxb5 Bd7 20. Bd6 Re8 21. Bxc5 Rc8 22. b4 b6 23. Bb7 Rc7 24. Bxb6 Rxc2+ 25. Kxc2 Qxb6 0-1


[Site "https://www.chess.com"]

[Event "Titled Tuesday Blitz May 2 Early 2023"]
[White "Pasti, Aron"]
[Black "Cueto, Jonny"]
[WhiteFideId "785857"]
[BlackFideId "3300145"]
[WhiteElo "2173"]
[BlackElo "2234"]
[Result "0-1"]
[Round "04"]
[TimeControl "180+2"]
[Date "2023.05.02"]
[WhiteClock "0:00:03"]
[BlackClock "0:00:18"]

1. e4 e6 2. d4 d5 3. exd5 exd5 4. Bd3 Bd6 5. Nf3 Ne7 6. c3 Nbc6 7. O-O Bg4 8. h3 Bh5 9. Bg5 f6 10. Bh4 Qd7 11. Nbd2 O-O-O 12. Qc2 Bg6 13. b4 Nf5 14. a4 Nce7 15. b5 Nxh4 16. Nxh4 Bxd3 17. Qxd3 g5 18. Nhf3 g4 19. hxg4 Qxg4 20. a5 Rhg8 21. Ng5 Rxg5 22. g3 Qf5 23. Qe2 Bxg3 24. Nf3 Qh3 25. Qe6+ Qxe6 26. Nxg5 Bxf2+ 27. Rxf2 fxg5 28. Raf1 Ng6 29. Rf6 Qe3+ 30. R6f2 Nf4 31. Kh2 Qh3+ 32. Kg1 Re8 33. Rh2 Qg3+ 34. Kh1 Re2 35. Rxe2 Nxe2 36. Rf8+ Kd7 0-1


[Site "https://www.chess.com"]

[Event "Titled Tuesday Blitz May 2 Early 2023"]
[White "Stanojevic, Ilija"]
[Black "Winkels, Marcel"]
[WhiteFideId "959995"]
[BlackFideId "1003887"]
[WhiteElo "2138"]
[BlackElo "1900"]
[Result "1-0"]
[Round "04"]
[TimeControl "180+2"]
[Date "2023.05.02"]
[WhiteClock "0:00:38"]
[BlackClock "0:01:09"]

1. d4 Nf6 2. c4 g6 3. Nc3 d5 4. h4 c6 5. h5 Nxh5 6. e4 dxe4 7. Nxe4 Nf6 8. Ng5 Bg7 9. N1f3 h6 10. Nxf7 Kxf7 11. Ne5+ Ke8 12. Bd3 Bf5 13. Nxg6 Bxg6 14. Bxg6+ Kf8 15. Be3 Nbd7 16. Qd2 Ng4 17. O-O-O Nxe3 18. fxe3 Nf6 19. Rdf1 h5 20. g4 hxg4 21. Rxh8+ Bxh8 22. e4 Bg7 23. e5 Kg8 24. exf6 exf6 25. Bf5 g3 26. Be6+ Kf8 27. d5 Qd6 28. Kb1 cxd5 29. cxd5 Rd8 30. Qe3 Qe5 31. Qxe5 1-0


[Site "https://www.chess.com"]

[Event "Titled Tuesday Blitz May 2 Early 2023"]
[White "Sanchez, Robert"]
[Black "Rottenwohrer Suarez, Juan"]
[WhiteFideId "2034360"]
[BlackFideId "32068182"]
[WhiteElo "1966"]
[BlackElo "2174"]
[Result "0-1"]
[Round "04"]
[TimeControl "180+2"]
[Date "2023.05.02"]
[WhiteClock "0:01:48"]
[BlackClock "0:00:06"]

1. e4 c5 2. Nf3 g6 3. d4 cxd4 4. c3 dxc3 5. Nxc3 Bg7 6. Bc4 Nc6 7. e5 Nh6 8. Bf4 O-O 9. O-O d6 10. exd6 Bg4 11. dxe7 Qxe7 12. Bd6 Bxf3 13. Bxe7 Bxd1 14. Bxf8 Rxf8 15. Raxd1 Nf5 16. Rfe1 a6 17. Bb3 h5 18. Rd7 b5 19. Ne4 Ncd4 20. Bd5 Nc2 21. Rc1 Nb4 22. Bb3 0-1


[Site "https://www.chess.com"]

[Event "Titled Tuesday Blitz May 2 Early 2023"]
[White "De Souza, Cristiano Gomes"]
[Black "Ramirez Vido, Robert Yorisan"]
[WhiteFideId "2151758"]
[BlackFideId "3513823"]
[WhiteElo "2068"]
[BlackElo "2015"]
[Result "1-0"]
[Round "04"]
[TimeControl "180+2"]
[Date "2023.05.02"]
[WhiteClock "0:01:14"]
[BlackClock "0:00:10"]

1. d4 g6 2. c4 Nf6 3. Nf3 Bg7 4. Nc3 O-O 5. e4 d6 6. Be2 Na6 7. O-O e5 8. Be3 Ng4 9. Bg5 Qe8 10. d5 f6 11. Bh4 f5 12. Nd2 Nf6 13. f3 f4 14. Rb1 h6 15. b4 g5 16. Bf2 h5 17. c5 g4 18. Nc4 g3 19. hxg3 fxg3 20. Bxg3 Qg6 21. Bf2 Bh3 22. Ne3 Bh6 23. Kh1 Bxe3 24. gxh3 Bxf2 25. Rxf2 Kh7 26. Rg2 Qh6 27. Bxa6 bxa6 28. Qc1 Qxc1+ 29. Rxc1 dxc5 30. bxc5 Nd7 31. Rcg1 Rf7 32. d6 Nxc5 33. dxc7 Rxc7 34. Nd5 Rf7 35. Rg5 Nd3 36. Rxh5# 1-0


[Site "https://www.chess.com"]

[Event "Titled Tuesday Blitz May 2 Early 2023"]
[White "Avazkhonov, Alikhon"]
[Black "Antonio, Jorge Carlos"]
[WhiteFideId "14208504"]
[BlackFideId "113190"]
[WhiteElo "1739"]
[BlackElo "2247"]
[Result "1-0"]
[Round "04"]
[TimeControl "180+2"]
[Date "2023.05.02"]
[WhiteClock "0:00:53"]
[BlackClock "0:00:01"]

1. d4 d5 2. c4 c6 3. Nc3 dxc4 4. a4 e5 5. Nf3 exd4 6. Nxd4 Nf6 7. e4 Bc5 8. Be3 Qe7 9. f3 Nd5 10. Bf2 Nxc3 11. bxc3 Be6 12. Nxe6 Bxf2+ 13. Kxf2 Qxe6 14. Qd4 Nd7 15. Bxc4 Qf6 16. e5 Qe7 17. Rhe1 Nc5 18. e6 Nxe6 19. Bxe6 fxe6 20. Rxe6 Qxe6 21. Re1 Qxe1+ 22. Kxe1 O-O 23. Qd7 Rf7 24. Qd6 Re8+ 25. Kf2 h6 26. a5 a6 27. h4 h5 28. Qc5 g6 29. Kg3 Kh7 30. Qb4 Re5 31. Qb3 Rd5 32. c4 Rxa5 33. c5 Re7 34. Qc3 Ra2 35. Qf6 Rg7 36. Qe6 Rb2 37. Kf4 Rb4+ 38. Kg5 Rb2 39. g4 Rg2 40. Qe5 Rd2 41. Kf6 Rd5 42. Qe8 Rxc5 43. Qf8 1-0


[Site "https://www.chess.com"]

[Event "Titled Tuesday Blitz May 2 Early 2023"]
[White "Novikova, Galina"]
[Black "Hinds, Nathan"]
[WhiteFideId "4157095"]
[BlackFideId "7400730"]
[WhiteElo "1953"]
[BlackElo "2001"]
[Result "1-0"]
[Round "04"]
[TimeControl "180+2"]
[Date "2023.05.02"]
[WhiteClock "0:00:34"]
[BlackClock "0:00:01"]

1. e4 c6 2. d4 d5 3. e5 c5 4. dxc5 Nc6 5. a3 Nxe5 6. b4 Nc6 7. Bb2 Nf6 8. Nf3 g6 9. Nbd2 Bg7 10. Bd3 O-O 11. O-O Bg4 12. h3 Bxf3 13. Nxf3 e6 14. Qe1 Ne7 15. Rd1 Qc8 16. Be5 Re8 17. Qc3 Nh5 18. Bxg7 Nxg7 19. Qf6 Nh5 20. Qh4 Kg7 21. Ne5 Ng8 22. f4 Qd8 23. Qf2 Nhf6 24. Qd4 b6 25. c6 Qd6 26. Kh1 Ne7 27. b5 a6 28. a4 axb5 29. axb5 h5 30. Qxb6 Reb8 31. Qd4 Nf5 32. Bxf5 exf5 33. Rb1 Ra5 34. b6 Qc5 35. Qxc5 Rxc5 36. c7 Rc8 37. b7 R5xc7 38. bxc8=Q Rxc8 39. Rb7 Ne4 40. Rxf7+ Kg8 41. Ra1 d4 42. Raa7 Ng3+ 43. Kh2 Nf1+ 44. Kg1 Ne3 45. Rg7+ 1-0


[Site "https://www.chess.com"]

[Event "Titled Tuesday Blitz May 2 Early 2023"]
[White "Amitpal, Singh"]
[Black "Prudnykova, Olga"]
[WhiteFideId "5012899"]
[BlackFideId "14121093"]
[WhiteElo "2107"]
[BlackElo "2113"]
[Result "1-0"]
[Round "04"]
[TimeControl "180+2"]
[Date "2023.05.02"]
[WhiteClock "0:00:06"]
[BlackClock "0:00:01"]

1. e4 c5 2. Nf3 Nf6 3. Nc3 e6 4. e5 Nd5 5. d4 Nc6 6. Nxd5 exd5 7. c3 cxd4 8. cxd4 Bb4+ 9. Bd2 Bxd2+ 10. Qxd2 O-O 11. Bd3 d6 12. O-O Bg4 13. Ng5 h6 14. Nh7 Re8 15. Qf4 dxe5 16. Qxg4 e4 17. Bb5 Kxh7 18. Rac1 Re6 19. Bxc6 bxc6 20. Rc3 Qb6 21. Rg3 Qxd4 22. h4 Rg6 23. Qf5 Qf6 24. Qd7 Rd8 25. Qxa7 Qxh4 26. Qxf7 Rxg3 27. fxg3 Qxg3 28. Qf5+ Qg6 29. Qf4 d4 30. Qc7 Rd5 31. Rf8 e3 32. Qc8 Qb1+ 33. Kh2 Rh5+ 34. Kg3 Qe1+ 35. Kf3 Qf1+ 36. Ke4 Qxg2+ 37. Kd3 Qd2+ 38. Kc4 Re5 39. Rh8+ Kg6 40. Qxc6+ Kf5 41. Qd7+ Ke4 42. Qg4# 1-0


[Site "https://www.chess.com"]

[Event "Titled Tuesday Blitz May 2 Early 2023"]
[White "Larina, Maria"]
[Black "Arnold, Ken"]
[WhiteFideId "24113182"]
[BlackFideId "2056836"]
[WhiteElo "1848"]
[BlackElo "2355"]
[Result "0-1"]
[Round "04"]
[TimeControl "180+2"]
[Date "2023.05.02"]
[WhiteClock "0:00:01"]
[BlackClock "0:00:23"]

1. e4 c6 2. d4 d5 3. f3 dxe4 4. fxe4 e5 5. Nf3 Bg4 6. Bc4 Nd7 7. O-O Ngf6 8. c3 Bh5 9. Qe1 Bd6 10. Qg3 Bg6 11. Nbd2 Qe7 12. Re1 O-O 13. Qh4 b5 14. Bd3 Rfe8 15. Nf1 Nh5 16. Qxe7 Rxe7 17. Bg5 Nhf6 18. Ng3 Rae8 19. Rad1 exd4 20. Nxd4 Bxg3 21. hxg3 Ne5 22. Bxf6 gxf6 23. Nf5 Bxf5 24. exf5 Rd8 25. Bc2 Red7 26. Rxd7 Rxd7 27. Re2 Kf8 28. Be4 Ke7 29. Kh2 a5 30. Kh3 Kf8 31. a3 Kg7 32. g4 h6 33. Kg3 Rd1 34. Kf4 c5 35. g3 b4 36. axb4 axb4 37. cxb4 cxb4 38. Ke3 Rg1 39. Kf2 Rd1 40. Rc2 Nxg4+ 41. Kf3 Ne5+ 42. Ke2 Rd4 43. Bb7 Rd7 44. Be4 Re7 45. Ke3 Ra7 46. Kf4 Ra2 47. Bg2 Rxb2 0-1


[Site "https://www.chess.com"]

[Event "Titled Tuesday Blitz May 2 Early 2023"]
[White "Van Baar, Esper"]
[Black "Bintang, Rasyid A. Hidayat"]
[WhiteFideId "1049321"]
[BlackFideId "7105355"]
[WhiteElo "2180"]
[BlackElo "1820"]
[Result "0-1"]
[Round "04"]
[TimeControl "180+2"]
[Date "2023.05.02"]
[WhiteClock "0:00:02"]
[BlackClock "0:00:34"]

1. e4 c5 2. Nf3 Nc6 3. Bb5 g6 4. Bxc6 bxc6 5. O-O Bg7 6. Re1 d6 7. h3 e5 8. c3 Ne7 9. d4 cxd4 10. cxd4 O-O 11. Nc3 exd4 12. Nxd4 d5 13. exd5 cxd5 14. Bg5 f6 15. Bf4 Kh8 16. Qd2 Re8 17. Rad1 g5 18. Be3 h6 19. Nc2 Bb7 20. Nd4 Qd7 21. Qd3 f5 22. Qb5 Nc6 23. Nxc6 Bxc6 24. Qd3 d4 25. Bxd4 Rxe1+ 26. Rxe1 Qxd4 27. Qxf5 Rf8 28. Qc2 g4 29. hxg4 Qxg4 30. g3 Qh3 31. Ne4 Ba8 32. Qc7 Qf5 0-1


[Site "https://www.chess.com"]

[Event "Titled Tuesday Blitz May 2 Early 2023"]
[White "Schut, Han"]
[Black "Delorme, Alban"]
[WhiteFideId "1005561"]
[BlackFideId "623636"]
[WhiteElo "2024"]
[BlackElo "2196"]
[Result "0-1"]
[Round "04"]
[TimeControl "180+2"]
[Date "2023.05.02"]
[WhiteClock "0:00:01"]
[BlackClock "0:00:59"]

1. e4 c5 2. Nf3 d6 3. d4 cxd4 4. Nxd4 Nf6 5. f3 e5 6. Bb5+ Bd7 7. Bxd7+ Qxd7 8. Nf5 Nc6 9. Bg5 d5 10. Bxf6 gxf6 11. Nc3 Bb4 12. O-O Bxc3 13. bxc3 O-O-O 14. Qe2 Kb8 15. Rfd1 Ne7 16. Ng3 Qc6 17. Kh1 Qxc3 18. Rab1 Ka8 19. Qb5 Qc6 20. Qb4 Rd7 21. Rd3 Qxc2 22. Rdb3 Rc8 23. h3 Ng6 0-1


[Site "https://www.chess.com"]

[Event "Titled Tuesday Blitz May 2 Early 2023"]
[White "Barria Santos, Jose Guilherme"]
[Black "Isanzhulov, Arystan"]
[WhiteFideId "1939300"]
[BlackFideId "13711644"]
[WhiteElo "2266"]
[BlackElo "2464"]
[Result "0-1"]
[Round "04"]
[TimeControl "180+2"]
[Date "2023.05.02"]
[WhiteClock "0:00:01"]
[BlackClock "0:01:31"]

1. d4 f5 2. Bg5 h6 3. Bf4 d6 4. c4 Nf6 5. h3 g6 6. Nf3 Bg7 7. Nc3 O-O 8. Qd2 Kh7 9. e3 Nbd7 10. Be2 c6 11. Qc2 Qe8 12. O-O-O e5 13. Bh2 a5 14. dxe5 dxe5 15. g4 Qe6 16. gxf5 gxf5 17. Nh4 Nc5 18. Bg4 Nfe4 19. Nxf5 Rxf5 20. Nxe4 Nxe4 21. Qxe4 Qg6 22. Bxf5 Bxf5 23. Qf3 Bb1 24. Qe2 Bxa2 25. e4 a4 26. Rhg1 Qe6 27. Bg3 Bf6 28. h4 a3 29. bxa3 Rxa3 30. Rd2 Bxc4 31. Qd1 Ra1+ 32. Kc2 Bb3+ 33. Kc3 Qc4+ 0-1


[Site "https://www.chess.com"]